 Dungeon Crawl Stone Soup version 0.30-a0-1053-gbd8d5ba0ad (webtiles) character file.

Game seed: 3034608627233543094

81 NinjaNoafa the Chopper (level 4, -1/42 HPs)
             Began as a Hill Orc Monk on Apr 11, 2023.
             Slain by Pikel
             ... wielding a +0 whip of freezing
              (3 damage)
             ... on level 4 of the Dungeon.
             The game lasted 00:03:11 (2635 turns).

NinjaNoafa the Chopper (Hill Orc Monk)              Turns: 2635, Time: 00:03:12

Health: -1/42      AC:  8    Str: 19 (21) XL:     4   Next: 42%
Magic:  4/4        EV: 11    Int:  7 (10) God:
Gold:   136        SH:  0    Dex: 12 (13) Spells: 3/3 levels left

rFire   . . .      SeeInvis .    a - +0 hand axe
rCold   . . .      Faith    .    (no shield)
rNeg    . . .      Spirit   .    q - +0 ring mail
rPois   .          Reflect  .    i - +0 helmet
rElec   .          Rampage  .    (no cloak)
rCorr   .                        p - +0 pair of gloves
Will    +....                    s - +0 pair of boots
Stlth   +                        (no amulet)
HPRegen 1.07/turn                j - ring of willpower
MPRegen 0.09/turn                x - +6 ring of strength

@: flying, unable to read
A: deterioration 1, regeneration 1, inability to read after injury 1
a: no special abilities


You were on level 4 of the Dungeon.
You visited 1 branch of the dungeon, and saw 4 of its levels.

You collected 136 gold pieces.

Inventory:

Hand Weapons
 a - a +0 hand axe (weapon)
Armour
 i - a +0 helmet (worn)
 p - a +0 pair of gloves (worn)
 q - a +0 ring mail (worn)
 s - a +0 pair of boots (worn)
Jewellery
 j - a ring of willpower (left hand)
 k - a ring of resist corrosion
 x - a +6 ring of strength (right hand)
Scrolls
 b - 2 scrolls of vulnerability {unknown}
 d - a scroll of torment {unknown}
 f - a scroll of noise {unknown}
 g - 3 scrolls of identify {unknown}
 h - a scroll of immolation {unknown}
 o - 2 scrolls of enchant weapon {unknown}
 r - a scroll of blinking {unknown}
 u - a scroll of magic mapping {unknown}
 v - a scroll of fear {unknown}
 w - 2 scrolls of brand weapon {unknown}
Potions
 e - a potion of mutation


   Skills:
 + Level 5.0 Fighting
 + Level 5.5 Axes
 - Level 2.4 Dodging
 - Level 1.5 Stealth


You had 3 spell levels left.
You didn't know any spells.
Your spell library contained the following spells:

 Spells                   Type           Power      Damage    Failure   Level
 Cigotuvi's Dreadful Rot  Necr/Pois/Air  0%         N/A       77%         2
 Ensorcelled Hibernation  Hex/Ice        0%         N/A       77%         2
 Portal Projectile        Hex/Tloc       0%         N/A       94%         3
 Spider Form              Tmut/Pois      0%         N/A       94%         3
 Tukima's Dance           Hex            0%         N/A       94%         3
 Anguish                  Hex/Necr       0%         N/A       100%        4
 Dispel Undead            Necr           0%         3d6       100%        4
 Blade Hands              Tmut           0%         N/A       100%        5
 Death Channel            Necr           0%         N/A       100%        6


Dungeon Overview and Level Annotations

Branches:
Dungeon (4/15)
 Temple: D:4-7

Altars:
Xom

Annotations:
D:4 Pikel


Innate Abilities, Weirdness & Mutations

Your body sometimes deteriorates upon taking damage.
Your natural rate of healing is unusually fast.
You occasionally lose the ability to read scrolls when taking damage.


Message History

Pikel is almost dead.
You hit the lemure. Pikel barely misses you.
The lemure hits you but does no damage.
You hit Pikel.
Pikel is almost dead.
You hit the lemure but do no damage.
Pikel hits you with a +0 whip of freezing.
Pikel freezes you. The lemure hits you.
You barely miss Pikel.
Pikel is almost dead.
You hit the lemure but do no damage.
Pikel hits you with a +0 whip of freezing.
* * * LOW HITPOINT WARNING * * *
Pikel freezes you.
* * * LOW HITPOINT WARNING * * *
The lemure barely misses you.
You barely miss Pikel. Your punch misses Pikel.
Pikel is almost dead.
You hit the lemure. Pikel barely misses you. The lemure hits you.
* * * LOW HITPOINT WARNING * * *
You closely miss Pikel.
Pikel is almost dead.
You barely miss the lemure.
Pikel hits you with a +0 whip of freezing.
* * * LOW HITPOINT WARNING * * *
Pikel freezes you.
* * * LOW HITPOINT WARNING * * *
The lemure hits you but does no damage.
Really quaff the potion of mutation?
You feel extremely strange.
You feel stupid.
You feel clumsy.
You feel stronger.
You occasionally lose the ability to read scrolls when taking damage.
You feel yourself wasting away.
You begin to heal more quickly.
The lemure hits you.
* * * LOW HITPOINT WARNING * * *
Pikel hits you with a +0 whip of freezing.
You feel threatened and lose the ability to read scrolls!
* * * LOW HITPOINT WARNING * * *
Pikel freezes you.
You die...

...#...##
##............ S
#............#######.
#....................
....................
.............K.<...
5J5##...##5###....
#5# ###)K..# #....
#@# #.#### #.... #K#
##5# #.#.. #######5##
#..# #5###
.........###.## #.#
.............# #K.
......>...####
.........##
.........# :........#


You could see Pikel, 4 lemures and an endoplasm.

Vanquished Creatures
  4 adders
  A dart slug (D:3)
  An orc (D:3)
  3 ball pythons (D:2)
  An endoplasm (D:2)
  3 giant cockroaches
  5 jackals (D:2)
  6 kobolds
  5 quokkas
  2 bats (D:2)
  5 frilled lizards
  3 goblins
  2 rats (D:2)
41 creatures vanquished.

Notes
Turn   | Place    | Note
-------+----------+-------------------------------------------
     0 | D:1      | NinjaNoafa the Hill Orc Monk began the quest for the Orb.
     0 | D:1      | Reached XP level 1. HP: 19/19 MP: 1/1
   666 | D:1      | Reached XP level 2. HP: 25/27 MP: 2/2
   956 | D:2      | Found a shimmering altar of Xom.
  1356 | D:2      | Reached XP level 3. HP: 26/34 MP: 3/3
  1407 | D:2      | Reached skill level 5 in Axes
  1917 | D:3      | Reached XP level 4. HP: 41/41 MP: 4/4
  2533 | D:4      | Noticed a scorpion
  2579 | D:4      | Noticed a lemure
  2580 | D:4      | Noticed Pikel
  2603 | D:4      | Noticed a lemure
  2607 | D:4      | Noticed a lemure
  2610 | D:4      | Noticed a lemure
  2620 | D:4      | Reached skill level 5 in Fighting
  2626 | D:4      | Gained mutation: You are agile. (Dex +4, Str/Int -1)
                  | [potion of mutation]
  2626 | D:4      | Gained mutation: You are weak. (Str -2) [potion of
                  | mutation]
  2626 | D:4      | Gained mutation: Your mind is acute. (Int +4, Str/Dex -1)
                  | [potion of mutation]
  2635 | D:4      | Lost mutation: Your mind is acute. (Int +4, Str/Dex -1)
                  | [potion of mutation]
  2635 | D:4      | Lost mutation: You are agile. (Dex +4, Str/Int -1) [potion
                  | of mutation]
  2635 | D:4      | Lost mutation: You are weak. (Str -2) [potion of mutation]
  2635 | D:4      | Gained mutation: You occasionally lose the ability to read
                  | scrolls when taking damage. [potion of mutation]
  2635 | D:4      | Gained mutation: Your body sometimes deteriorates upon
                  | taking damage. [potion of mutation]
  2635 | D:4      | Gained mutation: Your natural rate of healing is unusually
                  | fast. [potion of mutation]
  2635 | D:4      | HP: 2/42 [Pikel/+0 whip of freezing (6)]
  2635 | D:4      | Slain by Pikel

Illustrated notes

Levels and vault maps discovered:
D:1:      dpeg_chamrin_arrival_tetris, layout_basic,
          chequers_serial_rivers_room_a
D:2:      layout_loops_ring, basic_altar, minmay_crystal_water
D:3:      layout_basic
D:4:      layout_rooms, old_standard_altar, uniq_pikel

Skill      XL: |  1  2  3  4 |
---------------+-------------+-----
Fighting       | 4 5 |  5.0
Axes           | 5 |  5.5
Dodging        | |  2.4
Stealth        | |  1.5

Action                     |  1- 3 |  4- 6 || total
---------------------------+-------+-------++-------
  Melee: Hand axe          |   106 |    59 ||   165
    Use: Potion            |       |     7 ||     7
   Stab: Sleeping          |     2 |       ||     2
         Distracted        |     1 |       ||     1
 Armour: Robe              |    15 |       ||    15
         Ring mail         |    28 |    36 ||    64
  Dodge: Dodged            |    81 |    50 ||   131

Table legend: (Time is in decaauts)
 A = Elapsed time spent in this place.
 B = Non-inter-level travel time spent in this place.
 C = Inter-level travel time spent in this place.
 D = Time resting spent in this place.
 E = Time spent auto-exploring this place.
 F = Levels seen in this place.
 G = Mean time per level.
                   A        B        C        D        E       F      G
               +--------+--------+--------+--------+--------+-----+--------+
         Total |   2643 |   2495 |    148 |      0 |   2005 |   4 |  660.8 |
       Dungeon |   2643 |   2495 |    148 |      0 |   2005 |   4 |  660.8 |
               +--------+--------+--------+--------+--------+-----+--------+

Top non-repeatable levels by time:
     D:1: 922 daAuts
     D:2: 852 daAuts
     D:3: 794 daAuts
     D:4: 74 daAuts
